 Dungeon Crawl Stone Soup version 0.31.0-9-g3a7656b989 (webtiles) character file.

Game seed: 5412235123211821180

53 qw the Shooter (level 3, 0/20 HPs)
             Began as a Deep Elf Hunter on Feb 3, 2024.
             Slain by a goblin
             ... wielding a +0 dagger
             ... led by Robin
              (3 damage)
             ... on level 2 of the Dungeon.
             The game lasted 00:00:25 (1534 turns).

qw the Shooter (Deep Elf Hunter)                    Turns: 1534, Time: 00:00:25

Health: 0/20       AC:  7    Str: 10    XL:     3   Next: 62%
Magic:  5/5        EV:  9    Int: 13    God:
Gold:   86         SH:  0    Dex: 18    Spells: 2/2 levels left

rFire   . . .        a - +0 shortbow
rCold   . . .        (shield currently unavailable)
rNeg    . . .        i - +0 scale mail
rPois   .            (no helmet)
rElec   .            (no cloak)
rCorr   .            h - +0 pair of gloves
SInv    .            (no boots)
Will    .....        (no amulet)
Stlth   +            (no ring)
HPRegen 0.23/turn    (no ring)
MPRegen 0.09/turn

%: no passive effects
@: no status effects
A: no striking features
a: no special abilities


You were on level 2 of the Dungeon.
You visited 1 branch of the dungeon, and saw 3 of its levels.

You collected 86 gold pieces.


   Skills:
 - Level 1.5 Fighting
 + Level 7.1 Ranged Weapons
 - Level 2.4 Dodging
 - Level 1.2 Stealth


You had 2 spell levels left.
You didn't know any spells.
Your spell library was empty.

Inventory:

Hand Weapons
 a - a +0 shortbow (weapon)
Armour
 h - a +0 pair of gloves (worn)
 i - a +0 scale mail (worn)
Scrolls
 e - 2 scrolls of teleportation

Dungeon Overview and Level Annotations

Branches:
Dungeon (3/15)

Altars:
Zin

Annotations:
D:3 Robin


Message History

1522 ||| STAIRDANCE The goblin completely misses you.
Robin throws the goblin at you! The goblin hits you but does no damage.
You climb upwards.
There is a stone staircase leading down here.
You shoot an arrow. The arrow hits the goblin.
The goblin is severely wounded.
The goblin hits you but does no damage. x2
You shoot an arrow. The arrow barely misses the goblin.
The goblin hits you but does no damage.
You shoot an arrow. The arrow barely misses the goblin.
The goblin hits you but does no damage.
You shoot an arrow. The arrow misses the goblin.
The goblin hits you but does no damage. x2
You shoot an arrow. The arrow hits the goblin.
You kill the goblin!
You climb downwards.
Level annotation: Robin The hobgoblin shouts!
A hobgoblin comes into view.
Robin roars a battlecry!
The goblins go into a battle-frenzy!
The hobgoblin hits you. The goblin hits you but does no damage.
The goblin hits you with a +0 dagger. The hobgoblin barely misses you.
The goblin hits you with a +0 dagger.
The hobgoblin moves out of view.
There is a stone staircase leading up, spattered with blood here.
1531 ||| STAIRDANCE The goblin closely misses you.
The goblin hits you but does no damage. The hobgoblin closely misses you.
The goblin hits you but does no damage.
You climb upwards.
There is a stone staircase leading down here.
You shoot an arrow. The arrow barely misses the goblin.
The goblin hits you but does no damage. The goblin barely misses you.
The goblin hits you with a +0 dagger. The hobgoblin barely misses you.
You shoot an arrow. The arrow hits the goblin!
You kill the goblin!
The goblin hits you but does no damage. The goblin hits you with a +0 dagger.
The hobgoblin hits you. The goblin barely misses you.
The goblin hits you with a +0 dagger.
You die...

..#.###.###..........#
..#.%...# #.###.###..#
..####.## #.# #.###..#
### #.# #.# #..##..# #
#.# #.# ##.##..# # #.#
#.###...#..# # #.#
#......>...# # #.##
#####gg)##.# # #..#
##@###.# # ##.#
#g##..# # #.# #.##.##
#.# #.##.# #<# #.##.#
#######.# #.##.#
.....##.# #.##.#
####.##.# #.##.#
####.##.########.##.#


You could see a hobgoblin (strong) and 2 goblins.

Vanquished Creatures
  2 dart slugs (D:2)
  3 ball pythons (D:2)
  5 bats
  4 endoplasms
  5 giant cockroaches
  3 hobgoblins
  5 jackals
  2 quokkas (D:1)
  3 frilled lizards (D:1)
  5 goblins
  4 kobolds
  4 rats
45 creatures vanquished.

Notes
Turn   | Place    | Note
-------+----------+-------------------------------------------
     0 | D:1      | qw the Deep Elf Hunter began the quest for the Orb.
     0 | D:1      | Reached XP level 1. HP: 12/12 MP: 3/3
     0 | D:1      | 0 ||| qw: Version: 0.3-a-155-g5e7d8dd
     0 | D:1      | 0 ||| qw: Game counter: 2917
     0 | D:1      | 0 ||| qw: Melee chars always use a shield: true
     0 | D:1      | 0 ||| qw: God list: Okawaru
     0 | D:1      | 0 ||| qw: Allow faded altars: false
     0 | D:1      | 0 ||| qw: Do Orc after clearing Dungeon:15 true
     0 | D:1      | 0 ||| qw: Do second Lair branch before Depths: true
     0 | D:1      | 0 ||| qw: Lair rune preference: random
     0 | D:1      | 0 ||| qw: Goals: Normal
     0 | D:1      | 0 ||| PLANNING D:1-11
    98 | D:1      | Reached skill level 6 in Ranged Weapons
    98 | D:1      | Reached XP level 2. HP: 16/16 MP: 4/4
   354 | D:1      | Found a faded altar of an unknown god.
   729 | D:1      | 729 ||| UPGRADING to +0 pair of gloves.
   734 | D:1      | 734 ||| UPGRADING to +0 scale mail.
   744 | D:1      | 744 ||| DROPPING +0 leather armour.
   745 | D:1      | 745 ||| READING scroll labelled HEJIEBL BONGEO.
   745 | D:1      | 745 ||| IDENTIFYING bubbling red potion
   746 | D:1      | 746 ||| READING 2 scrolls labelled ZUSIBI TEEDURUI.
   750 | D:1      | 750 ||| DROPPING scroll of butterflies.
   751 | D:1      | 751 ||| DROPPING potion of invisibility.
   791 | D:2      | Reached XP level 3. HP: 18/20 MP: 5/5
  1043 | D:2      | Found a glowing silver altar of Zin.
  1088 | D:2      | Reached skill level 7 in Ranged Weapons
  1117 | D:2      | 1117 ||| FLEEEEING.
  1499 | D:2      | 1499 ||| READING 2 scrolls of identify.
  1499 | D:2      | 1499 ||| IDENTIFYING red potion
  1500 | D:2      | 1500 ||| READING scroll of identify.
  1500 | D:2      | 1500 ||| IDENTIFYING scroll labelled WAHYMY IKOPHA
  1501 | D:2      | 1501 ||| DROPPING scroll of noise.
  1502 | D:2      | 1502 ||| DROPPING potion of magic.
  1520 | D:3      | Noticed Robin
  1522 | D:3      | 1522 ||| STAIRDANCE
  1531 | D:3      | 1531 ||| STAIRDANCE
  1534 | D:2      | HP: 3/20 [hobgoblin[Robin] (3)]
  1534 | D:2      | Slain by a goblin

Levels and vault maps discovered:
D:1:      roderic_crossed_star, layout_loops_ring,
          shapermc_ecumenical_altar_mp_highgroup
D:2:      layout_loops_ring, basic_altar
D:3:      layout_basic, nemelex_spade_bored_becter, nicolae_wormholes,
          uniq_robin

Skill      XL: |  1  2  3 |
---------------+----------+-----
Ranged Weapons | 6 7 |  7.1
Fighting       | |  1.5
Dodging        | |  2.4
Stealth        | |  1.2

Action                     || total
---------------------------++-------
   Fire: Shortbow          ||   113
    Use: Scroll            ||     4
 Armour: Leather armour    ||     5
         Scale mail        ||    37
  Dodge: Dodged            ||    23

Table legend:
 A = Non-vault XP
 B = Vault XP
 C = Vault XP percentage of total XP
 D = Non-vault monster count
 E = Vault monster count
 F = Vault count percentage of total count
                 A         B        C        D         E       F
            +---------+---------+-------+---------+---------+-------
      Total |      71 |       7 |   9.0 |      41 |       4 |   8.9
            +---------+---------+-------+---------+---------+-------
        D:1 |      38 |       0 |   0.0 |      23 |       0 |   0.0
        D:2 |      33 |       3 |   8.3 |      18 |       2 |  10.0
        D:3 |       0 |       4 | 100.0 |       0 |       2 | 100.0
            +---------+---------+-------+---------+---------+-------
